 Dungeon Crawl Stone Soup version 0.26.1-11-gd32895ea62 (webtiles) character file.

Game seed: 6157170279743372292

1075 jlumianski the Summoner (level 8, -5/31 HPs)
             Began as a Felid Summoner on May 29, 2021.
             Was a Follower of Sif Muna.
             Killed by an exploding a guardian golem (36 damage)
             ... exploding inner flame
             ... on level 8 of the Dungeon on May 31, 2021.
             The game lasted 01:11:04 (12523 turns).

jlumianski the Summoner (Felid Summoner)           Turns: 12523, Time: 01:11:06

Health: -5/31      AC:  2    Str:  4    XL:     8   Next: 8%
Magic:  6/18       EV: 22    Int: 19    God:    Sif Muna [*.....]
Gold:   310        SH:  0    Dex: 16    Spells: 11/20 levels left
                                        Lives:  0   Deaths: 2

rFire    . . .     SeeInvis +     - Unarmed
rCold    . . .     Faith    .   (shield unavailable)
rNeg     . . .     Spirit   .   (armour unavailable)
rPois    .         Reflect  .   (helmet unavailable)
rElec    .         Harm     .   (cloak unavailable)
rCorr    .         Rampage  .   (gloves unavailable)
Will     ++...                  (boots unavailable)
Stlth    +++.......             (no amulet)
HPRegen  0.10/turn              c - +4 ring of evasion
MPRegen  0.16/turn              f - ring of willpower

@: quick
A: very small, no armour, no weapons or thrown items, stealth, claws 1, fangs 3,
see invisible, speed 1, shaggy fur 2, sharp paws
a: Renounce Religion, Channel Magic


You were on level 8 of the Dungeon.
You worshipped Sif Muna.
Sif Muna was aware of your devotion.
You visited 2 branches of the dungeon, and saw 9 of its levels.

You collected 310 gold pieces.

Inventory:

Jewellery
 c - a +4 ring of evasion (left paw)
 f - a ring of willpower (right paw)
 k - an uncursed ring of stealth
 r - an uncursed ring of protection from fire
 w - an uncursed amulet of guardian spirit
Wands
 m - a wand of random effects (20)
 o - a wand of iceblast (8)
Scrolls
 g - 3 scrolls of remove curse
 h - 3 scrolls of teleportation
 l - 6 scrolls of identify
 n - 3 scrolls of blinking
 p - a scroll of fog
 x - 3 scrolls of magic mapping
Potions
 a - a potion of degeneration {unknown}
 b - a potion of curing
 d - 3 potions of brilliance
 e - a potion of heal wounds {unknown}
 i - 3 potions of flight
 j - 2 potions of might {unknown}
 s - 3 potions of haste {unknown}
 t - a potion of lignification
 u - a potion of berserk rage


   Skills:
 + Level 0.1 Fighting
 + Level 3.3 Dodging
 + Level 4.5 Stealth
 + Level 1.4 Unarmed Combat
 + Level 6.5 Spellcasting
 + Level 2.0 Hexes
 + Level 8.4 Summonings


You had 11 spell levels left.
You knew the following spells:

 Your Spells              Type           Power        Failure   Level
a - Summon Small Mammal   Summ           100%         1%          1
b - Call Imp              Summ           38%          1%          2
c - Call Canine Familiar  Summ           38%          1%          3
d - Summon Guardian Gole  Hex/Summ       26%          3%          3

Your spell library contained the following spells:

 Spells                   Type           Power        Failure   Level
 Corona                   Hex            15%          4%          1
 Slow                     Hex            14%          7%          2
 Magic Dart               Conj           24%          11%         1
 Ensorcelled Hibernation  Hex/Ice        20%          11%         2
 Confusing Touch          Hex            14%          14%         3
 Tukima's Dance           Hex            14%          14%         3
 Blink                    Tloc           N/A          16%         2
 Summon Ice Beast         Ice/Summ       22%          19%         4
 Summon Lightning Spire   Summ/Air       22%          19%         4
 Dazzling Flash           Conj/Hex       20%          21%         3
 Conjure Flame            Conj/Fire      6%           32%         3
 Mephitic Cloud           Conj/Pois/Air  6%           32%         3


Dungeon Overview and Level Annotations

Branches:
Dungeon (8/15)             Temple (1/1) D:5
   Lair: D:8-11

Altars:
Ashenzari
Cheibriados
Dithmenos
Elyvilon
Fedhas
Gozag
Hepliaklqana
Kikubaaqudgha
Nemelex Xobeh
Okawaru
Qazlal
Ru
Sif Muna
Trog
Uskayaw
Vehumet
Wu Jian
Xom
Yredelemnul
Zin

Shops:
D:6 *?[*?

Annotations:
D:7 exclusion: statue


Innate Abilities, Weirdness & Mutations

You cannot wear armour.
You are incapable of wielding weapons or throwing items.
Your paws allow you to move quietly. (Stealth)
You have sharp claws.
You have razor-sharp teeth.
You have supernaturally acute eyesight. (SInv)
You cover ground quickly.
You are covered in thick fur. (AC +2)
Your sharp claws are effective at attacking unaware monsters.


Message History

Your bat dies!
Your bat's corpse disappears in a puff of smoke!
The leopard gecko completely misses your crimson imp.
The orc wizard hits your crimson imp but does no damage.
Your crimson imp barely misses the orc wizard.
Your guardian golem overheats!
The orc wizard gestures wildly while chanting.
The orc wizard blinks!
The two-headed ogre closely misses your white imp.
The two-headed ogre hits your white imp with a +0 giant spiked club!!
Your white imp dies!
Flame seeps out of your guardian golem.
The leopard gecko barely misses your crimson imp.
The orc wizard casts a spell at itself.
The orc wizard flickers and vanishes for a moment.
Your guardian golem is engulfed in blazing flames.
Your guardian golem explodes!
The fiery explosion engulfs your wolf!! The fiery explosion engulfs you!!!
Ouch! That really hurt!
You die...

#....
#...
+...
#..
#..
#h#
#○#
#@#
#.#


#Oo §5.# .lo. ...... ...... .....>.# You could see a two-headed ogre, an orc
warrior, an orc wizard (invisible), a leopard gecko, a friendly wolf (summoned,
sheltered) and a friendly crimson imp (summoned, sheltered).

Vanquished Creatures
  A gnoll (D:5)
  An adder (D:2)
  A worm (D:3)
  3 leopard geckos (D:6)
  An orc (D:3)
  3 giant cockroaches
  2 goblins
  A hobgoblin (D:1)
  A jackal (D:6)
  2 quokkas
  2 bats (D:1)
  A quokka zombie (D:4)
  3 rats
22 creatures vanquished.

Vanquished Creatures (collateral kills)
  The ghost of MyelinatedAxon the Tormented, a novice DsNe of Kikubaaqudgha (D:4)
  Sigmund (D:6)
  2 ice beasts (D:6)
  3 ogres
  5 centaurs
  2 bullfrogs
  A gnoll sergeant (D:5)
  A scorpion (D:6)
  A water moccasin skeleton (D:5)
  9 wights
  4 howler monkeys
  2 jellies
  A bullfrog zombie (D:5)
  A bullfrog skeleton (D:3)
  An orc priest (D:5)
  Terence (D:2)
  2 iguanas
  3 orc wizards
  3 worker ants (D:5)
  2 hound zombies
  Robin (D:3)
  7 gnolls
  7 adders
  A shadow imp (D:7)
  A white imp (D:5)
  2 ufetubi (D:6)
  2 oozes (D:2)
  2 worms
  The ghost of Zeld the Skirmisher, a weakling FoBe of Trog (D:5)
  5 dart slugs
  3 leopard geckos
  17 orcs
  A ball python (D:1)
  7 bats
  2 giant cockroaches
  11 goblins
  13 hobgoblins
  17 jackals
  4 kobolds
  3 quokkas
  2 frilled lizards
  7 rats
162 creatures vanquished.

Vanquished Creatures (others)
  An orc warrior (D:6)
  A centaur (D:7)
  Blork the orc (D:6)
  A hound (D:6)
  A worker ant (D:6)
  An orc (D:6)
  6 plants (D:5)
12 creatures vanquished.

Grand Total: 196 creatures vanquished

Notes
Turn   | Place    | Note
-------+----------+-------------------------------------------
     0 | D:1      | jlumianski the Felid Summoner began the quest for the Orb.
     0 | D:1      | Reached XP level 1. HP: 7/7 MP: 4/4
   133 | D:1      | Reached XP level 2. HP: 11/11 MP: 1/6
   421 | D:1      | Learned a level 2 spell: Call Imp
  1456 | D:2      | Reached XP level 3. HP: 14/14 MP: 1/7
  1769 | D:2      | Noticed Terence
  1788 | D:2      | Killed Terence
  1869 | D:2      | Learned a level 3 spell: Call Canine Familiar
  2260 | D:2      | Found a sacrificial altar of Ru.
  2551 | D:2      | Reached XP level 4. HP: 18/18 MP: 5/9
  3250 | D:3      | Noticed Robin
  3255 | D:3      | Killed Robin
  3256 | D:3      | Reached skill level 5 in Summonings
  3259 | D:3      | Reached XP level 5. HP: 15/21 MP: 2/10
  3342 | D:3      | Noticed an ice beast
  4544 | D:4      | Noticed an ogre
  4569 | D:4      | Killed an ogre
  4907 | D:4      | Found a runed translucent gate.
  4908 | D:4      | Found a runed translucent gate.
  4909 | D:4      | Found a runed translucent gate.
  4909 | D:4      | Noticed MyelinatedAxon's ghost (novice DsNe)
  5182 | D:4      | Noticed an ogre
  5193 | D:4      | Killed an ogre
  5194 | D:4      | Gained mutation: You are covered in thick fur. (AC +2)
                  | [Felid growth]
  5194 | D:4      | Reached XP level 6. HP: 24/24 MP: 3/13
  5481 | D:4      | Killed MyelinatedAxon's ghost
  5482 | D:4      | Reached skill level 6 in Summonings
  5671 | D:5      | Entered Level 5 of the Dungeon
  5765 | D:5      | Found a transporter.
  5797 | D:5      | Reached skill level 1 in Unarmed Combat
  5831 | D:5      | Learned a level 3 spell: Summon Guardian Golem
  5934 | D:5      | Reached XP level 7. HP: 27/27 MP: 4/14
  6110 | D:5      | Found a staircase to the Ecumenical Temple.
  6127 | Temple   | Entered the Ecumenical Temple
  6135 | Temple   | Became a worshipper of Sif Muna the Loreminder
  6173 | D:5      | Noticed Zeld's ghost (weakling FoBe)
  6301 | D:5      | Found a shadowy altar of Dithmenos.
  6381 | D:5      | Found a transporter.
  7105 | D:5      | Shot with an arrow by a centaur
  7106 | D:5      | Reached XP level 6. HP: 0/24 MP: 7/14
  7415 | D:5      | HP: 1/24 [centaur/arrow (14)]
  7419 | D:5      | Shot with an arrow by a centaur
  7420 | D:5      | Reached XP level 5. HP: -7/21 MP: 9/13
  7463 | D:5      | Found a hazy altar of Hepliaklqana.
  7471 | D:5      | Found a basalt altar of Yredelemnul.
  7600 | D:5      | Killed a centaur
  8087 | D:5      | Killed Zeld's ghost
  8088 | D:5      | Reached skill level 5 in Spellcasting
  8942 | D:5      | Reached XP level 6. HP: 24/24 MP: 3/14
  9245 | D:6      | Reached skill level 7 in Summonings
 10201 | D:6      | Found Cowkuafi's General Store.
 10211 | D:6      | Noticed an ice beast
 10234 | D:6      | Killed an ice beast
 10285 | D:6      | Noticed an ice beast
 10314 | D:6      | Killed an ice beast
 10315 | D:6      | Reached XP level 7. HP: 20/27 MP: 7/16
 10406 | D:6      | Found Pakh's Armour Boutique.
 10469 | D:6      | Found Jisu's Magic Scroll Shop.
 10471 | D:6      | Noticed Blork the orc
 10500 | D:6      | Killed Blork the orc
 10553 | D:6      | Reached * piety under Sif Muna
 10869 | D:6      | Found Vaoruax's Magic Scroll Shoppe.
 11265 | D:6      | Found Awuip's Assorted Antiques.
 11266 | D:6      | Noticed Sigmund
 11289 | D:6      | Killed Sigmund
 11290 | D:6      | Reached skill level 1 in Hexes
 11442 | D:6      | Found a sacrificial altar of Ru.
 11502 | D:7      | Found a radiant altar of Vehumet.
 11580 | D:7      | Reached skill level 8 in Summonings
 12148 | D:7      | Reached XP level 8. HP: 31/31 MP: 8/18
 12264 | D:7      | Found a snail-covered altar of Cheibriados.
 12513 | D:8      | Noticed a two-headed ogre
 12523 | D:8      | Killed by an exploding a guardian golem... exploding inner
                  | flame

Illustrated notes

Levels and vault maps discovered:
D:1:      wander_arrival_peaceful_grave, layout_rooms, kennysheep_crisscross
D:2:      layout_loops_ring, lemuel_doored_altar, kennysheep_cross_bottleneck,
          uniq_terence
D:3:      layout_loops_cross, lightli_corner_chamber, uniq_robin
D:4:      layout_loops_ring, gammafunk_ghost_necromancy
D:5:      layout_layer_cave, general_overflow_altar, minitemple,
          minmay_temple_entry_sparse_star, gammafunk_ghost_gnarly_gnolls,
          hangedman_decor_lopped, chequers_serial_rivers_marsh,
          hangedman_decor_points, dk_vineyard_1
D:6:      layout_rooms, serial_shops, shop, nicolae_shop_stone,
          nicolae_shop_stone, nicolae_shop_crystal, nicolae_shop_behind_doors,
          lemuel_tele_altar, uniq_sigmund, uniq_blork_the_orc
D:7:      layout_rooms, vehumet_statue, lemuel_centaur_altar
D:8:      layout_rooms, nicolae_tso_besieged_by_evil, kennysheep_generic_room_8
Temple:   nicolae_temple_no_exploring_needed

Skill      XL: |  1  2  3  4  5  6  7 |
---------------+----------------------+-----
Stealth        | 3 4 |  4.5
Spellcasting   | 3 5 6 |  6.5
Summonings     | 5 7 8 |  8.4
Unarmed Combat | 1 |  1.4
Dodging        | 3 |  3.3
Hexes          | 2 |  2.0
Fighting       | |  0.1

Action                   |  1- 3 |  4- 6 |  7- 9 || total
-------------------------+-------+-------+-------++-------
Melee: Unarmed           |    28 |    48 |    10 ||    86
       Bite              |     7 |     3 |       ||    10
 Cast: Summon Small Mamm |    85 |    71 |    34 ||   190
       Call Imp          |    25 |    72 |    45 ||   142
       Call Canine Famil |     4 |    39 |    26 ||    69
       Summon Guardian G |       |     7 |    18 ||    25
  Use: Scroll            |     2 |     9 |     4 ||    15
       Potion            |       |     3 |     2 ||     5
 Stab: Sleeping          |     1 |     6 |     2 ||     9
Armor: Skin              |     3 |     6 |     2 ||    11
Dodge: Dodged            |    71 |   119 |    34 ||   224
